 Dungeon Crawl Stone Soup version 0.25-a0-413-g3b4b6a4ccc (webtiles) character file.

Game seed: 2670455648337669479, levelgen mode: deterministic

0 MrRokkomies the Ducker (level 1, -3/11 HPs)
             Began as a Spriggan Abyssal Knight on Jan 17, 2020.
             Was a Follower of Lugonu.
             Slain by a thrashing horror (5 damage)
             ... on level 1 of the Abyss.
             The game lasted 00:01:23 (221 turns).

MrRokkomies the Ducker (Spriggan Abyssal Knight)     Turns: 221, Time: 00:01:24

Health: -3/11      AC:  2    Str:  8    XL:     1   Next: 0%
Magic:  3/3        EV: 18    Int: 13    God:    Lugonu [*.....]
Gold:   15         SH:  0    Dex: 15    Spells: 0/0 levels left

rFire    . . .     SeeInvis +   d - -3 hunting sling (curse)
rCold    . . .     Gourm    .   (shield restricted)
rNeg     . . .     Faith    .   b - +0 robe
rPois    .         Spirit   .   (helmet restricted)
rElec    .         Reflect  .   (no cloak)
rCorr    .         Harm     .   (gloves unavailable)
MR       .....                  (boots unavailable)
Stlth    +.........             (no amulet)
HPRegen  0.03/turn              (no ring)
MPRegen  0.08/turn              (no ring)

@: very slightly contaminated, very quick
A: very small, unfitting armour, see invisible, herbivore, speed 3, slow
metabolism 2
a: Depart the Abyss, Renounce Religion


You were on level 1 of the Abyss.
You worshipped Lugonu.
Lugonu was aware of your devotion.
You were not hungry.

You visited 0 branches of the dungeon, and saw 0 of its levels.
You visited the Abyss 1 time.

You collected 15 gold pieces.

Inventory:

Hand Weapons
 a - a +1 short sword
 d - a cursed -3 hunting sling (weapon)
Armour
 b - a +0 robe (worn)
Comestibles
 c - a ration


   Skills:
 + Level 2.4 Fighting
 + Level 2.1 Short Blades
 + Level 3.5 Dodging
 + Level 1.7 Invocations


You couldn't memorise any spells.
You didn't know any spells.
Your spell library was empty.

Dungeon Overview and Level Annotations

Branches:
Dungeon (0/15)

Altars:


Innate Abilities, Weirdness & Mutations

You are very small and have problems with some larger weapons.
You are too small for most types of armour.
You have supernaturally acute eyesight. (SInv)
You are a herbivore.
You cover ground extremely quickly.
You need to consume almost no food.


Message History

A thrashing horror comes into view.
The thrashing horror roars!
The thrashing horror barely misses you.
The thrashing horror closely misses you.
The thrashing horror roars!
The thrashing horror completely misses you.
The thrashing horror tramples you!
Ouch! That really hurt!
* * * LOW HITPOINT WARNING * * *
You stumble backwards!
The thrashing horror misses you.
The thrashing horror tramples you but does no damage.
The thrashing horror roars!
The thrashing horror barely misses you.
The thrashing horror closely misses you.
The thrashing horror roars!
You hear a bark!
A raiju comes into view.
The thrashing horror completely misses you.
The thrashing horror tramples you.
You die...

.##....X§§#
##...#X.##..#
##.....#...## #
#...x..###.#
#.#.#..#...#..#
#...##.#..#.# .
#...........# .
..#..##X..###.#
.. #... #.@..#
##
#...........#
#..#.#.###.#.#
# #.### h.##
#.. #..# #..
.... .. #..


You could see a tentacled starspawn, a thrashing horror and a small abomination.

Vanquished Creatures (others)
  2 starspawn tentacles (Abyss:1)
2 creatures vanquished.

Notes
Turn   | Place    | Note
-------+----------+-------------------------------------------
     0 | Abyss:1  | MrRokkomies the Spriggan Abyssal Knight began the quest for
                  | the Orb.
     0 | Abyss:1  | Reached XP level 1. HP: 11/11 MP: 3/3
    25 | Abyss:1  | Noticed a frost giant zombie
    42 | Abyss:1  | Noticed a small abomination
    44 | Abyss:1  | Found a basalt altar of Yredelemnul.
    44 | Abyss:1  | Noticed a sky beast
    67 | Abyss:1  | Noticed a large abomination
    90 | Abyss:1  | Noticed a tentacled starspawn
   107 | Abyss:1  | Noticed a titan skeleton
   107 | Abyss:1  | Noticed a chaos spawn
   140 | Abyss:1  | Noticed a yak
   141 | Abyss:1  | Noticed a raiju
   163 | Abyss:1  | Noticed an apocalypse crab
   184 | Abyss:1  | Noticed a small abomination
   188 | Abyss:1  | Noticed a large abomination
   210 | Abyss:1  | Noticed a thrashing horror
   213 | Abyss:1  | Noticed a tentacled starspawn
   220 | Abyss:1  | Noticed a raiju
   221 | Abyss:1  | Slain by a thrashing horror

Levels and vault maps discovered:
Abyss:1

Action                   || total
-------------------------++-------
  Use: Scroll            ||     2
Armor: Robe              ||     1
Dodge: Dodged            ||    11

Table legend:
 A = Non-vault XP
 B = Vault XP
 C = Vault XP percentage of total XP
 D = Non-vault monster count
 E = Vault monster count
 F = Vault count percentage of total count
                 A         B        C        D         E       F
            +---------+---------+-------+---------+---------+-------
      Total |       0 |       0 |   N/A |       0 |       0 |  -nan
            +---------+---------+-------+---------+---------+-------
            +---------+---------+-------+---------+---------+-------
